 Dungeon Crawl Stone Soup version 0.31-a0-819-gf6de2f5ab6 (webtiles) character file.

Game seed: 12636934837422238228

67 qw the Shooter (level 4, -1/28 HPs)
             Began as a Gargoyle Hunter on Sept 23, 2023.
             Slain by a gnoll
             ... wielding a +0 halberd of distortion
              (5 damage)
             ... on level 2 of the Dungeon.
             The game lasted 00:00:26 (900 turns).

qw the Shooter (Gargoyle Hunter)                     Turns: 900, Time: 00:00:27

Health: -1/28      AC:  9    Str: 14    XL:     4   Next: 18%
Magic:  4/4        EV: 10    Int: 10    God:
Gold:   14         SH:  0    Dex: 15    Spells: 3/3 levels left

rFire   . . .        Y - +0 shortbow
rCold   . . .        (shield currently unavailable)
rNeg    + . .        g - +0 ring mail
rPois   inf          j - +0 helmet
rElec   +            (no cloak)
rCorr   .            (no gloves)
SInv    .            (no boots)
Will    .....        (no amulet)
Stlth   +            (no ring)
HPRegen 0.24/turn    (no ring)
MPRegen 0.09/turn

%: no passive effects
@: about to teleport
A: sickness immunity, AC +3, negative energy resistance 1, electricity
resistance, torment resistance 1, petrification resistance
a: no special abilities


You were on level 2 of the Dungeon.
You visited 1 branch of the dungeon, and saw 2 of its levels.

You collected 14 gold pieces.


Innate Abilities, Weirdness & Mutations

You are immune to sickness and miasma.
Your stone body is resilient. (AC +3)
You are immune to poison.
You resist negative energy. (rN+)
You are resistant to electric shocks. (rElec)
You are resistant to unholy torment.
You are immune to petrification.


   Skills:
 - Level 3.2 Fighting
 + Level 5.0 Ranged Weapons
 - Level 1.0 Armour
 - Level 1.5 Dodging
 - Level 1.1 Stealth


You had 3 spell levels left.
You didn't know any spells.
Your spell library was empty.

Inventory:

Hand Weapons
 Y - a +0 shortbow (weapon)
Armour
 g - a +0 ring mail (worn)
 j - a +0 helmet (worn)
Jewellery
 a - a +6 ring of dexterity
Scrolls
 f - 3 scrolls of identify
Potions
 i - a potion of mutation {unknown}

Dungeon Overview and Level Annotations

Branches:
Dungeon (2/15)

Altars:


Message History

Enter note: You shoot an arrow.
The arrow hits the gnoll but does no damage.
The gnoll is severely wounded.
The gnoll misses you.
You shoot an arrow. The arrow barely misses the gnoll.
The gnoll barely misses you.
You shoot an arrow. The arrow hits the gnoll!
You kill the gnoll!
The gnoll closely misses you. The gnoll barely misses you.
Your Fighting skill increases to level 3!
You shoot an arrow. The arrow hits the gnoll!
The gnoll is heavily wounded.
A goblin comes into view. It is wielding a +0 dagger.
The gnoll hits you from afar with a +0 halberd of distortion.
You blink.
The goblin moves out of view.
You start resting.
A gnoll is nearby!
You shoot an arrow. The arrow hits the gnoll.
The gnoll is lightly wounded.
You shoot an arrow. The arrow closely misses the gnoll.
You shoot an arrow. The arrow hits the gnoll.
The gnoll is moderately wounded.
The gnoll hits you from afar with a +0 halberd of distortion!
Space warps around you. The gnoll hits you with a +0 whip.
The gnoll barely misses you.
You shoot an arrow. The arrow closely misses the gnoll.
You hear a shout!
The gnoll hits you but does no damage.
The gnoll hits you from afar with a +0 halberd of distortion!
You blink.
You shoot an arrow. The arrow hits the gnoll.
The gnoll is moderately wounded.
899 ||| READING scroll of teleportation.
As you read the scroll of teleportation, it crumbles to dust.
You feel strangely unstable.
You shoot an arrow. The arrow closely misses the gnoll.
The gnoll closely misses you.
The gnoll hits you from afar with a +0 halberd of distortion.
You die...

#### ##>@#
###..g# ##
###.%g#.# ..
#####...#...#
..
#.....###.##..#
#.##### #)##.##
###.# ###....#
####...#
#..%####
..##.### #..%.#


You could see 2 gnolls.

Vanquished Creatures
  A gnoll (D:2)
  2 adders (D:2)
  2 dart slugs (D:2)
  4 bats
  2 endoplasms (D:1)
  2 giant cockroaches
  6 goblins
  4 hobgoblins (D:2)
  A quokka (D:1)
  6 ball pythons
  3 frilled lizards
  4 rats
37 creatures vanquished.

Notes
Turn   | Place    | Note
-------+----------+-------------------------------------------
     0 | D:1      | qw the Gargoyle Hunter began the quest for the Orb.
     0 | D:1      | Reached XP level 1. HP: 12/12 MP: 1/1
     0 | D:1      | 0 ||| qw: Version: 0.3-a-83-gcd0e7d8
     0 | D:1      | 0 ||| qw: Game counter: 1397
     0 | D:1      | 0 ||| qw: Melee chars always use a shield: true
     0 | D:1      | 0 ||| qw: God list: Okawaru
     0 | D:1      | 0 ||| qw: Allow faded altars: false
     0 | D:1      | 0 ||| qw: Do Orc after clearing Dungeon:15 true
     0 | D:1      | 0 ||| qw: Do second Lair branch before Depths: true
     0 | D:1      | 0 ||| qw: Lair rune preference: random
     0 | D:1      | 0 ||| qw: Goals: Normal
     0 | D:1      | 0 ||| PLANNING D:1-11
   141 | D:1      | Found a faded altar of an unknown god.
   184 | D:1      | 184 ||| RETREEAATING.
   186 | D:1      | Reached XP level 2. HP: 17/17 MP: 2/2
   567 | D:1      | 567 ||| UPGRADING to +0 ring mail.
   577 | D:1      | 577 ||| DROPPING +0 leather armour.
   578 | D:1      | 578 ||| UPGRADING to +0 helmet.
   583 | D:1      | 583 ||| READING scroll labelled SUNARO FAWN.
   684 | D:1      | 684 ||| READING scroll labelled PAITAA XUDIHA.
   689 | D:1      | 689 ||| READING 2 scrolls labelled AWKOOM HUIXIKH.
   690 | D:1      | 690 ||| READING 2 scrolls labelled TAFO HUOWUSCH.
   691 | D:1      | 691 ||| DROPPING scroll of butterflies.
   692 | D:1      | 692 ||| DROPPING scroll of poison.
   718 | D:2      | Reached XP level 3. HP: 17/21 MP: 3/3
   736 | D:2      | Reached skill level 1 in Armour
   755 | D:2      | Reached skill level 5 in Ranged Weapons
   881 | D:2      | Reached XP level 4. HP: 27/27 MP: 4/4
   885 | D:2      | 885 ||| RETREEAATING.
   886 | D:2      | 886 ||| STILL RETREEAATING.
   888 | D:2      | 888 ||| RETREEAATING.
   892 | D:2      | Reached skill level 3 in Fighting
   897 | D:2      | HP: 3/28 [gnoll/+0 halberd of distortion (8)]
   899 | D:2      | 899 ||| READING scroll of teleportation.
   900 | D:2      | Slain by a gnoll

Levels and vault maps discovered:
D:1:      lemuel_arrival_rhombus, layout_rooms,
          shapermc_ecumenical_altar_totnotflames
D:2:      layout_rooms, minmay_diced_spiral

Skill      XL: |  1  2  3  4 |
---------------+-------------+-----
Armour         | 1 |  1.0
Ranged Weapons | 5 |  5.0
Fighting       | 3 |  3.2
Dodging        | |  1.5
Stealth        | |  1.1

Action                     |  1- 3 |  4- 6 || total
---------------------------+-------+-------++-------
   Fire: Shortbow          |   100 |    15 ||   115
    Use: Scroll            |     4 |     1 ||     5
 Armour: Leather armour    |    12 |       ||    12
         Ring mail         |    47 |     6 ||    53
  Dodge: Dodged            |    45 |     6 ||    51

Table legend:
 A = Non-vault XP
 B = Vault XP
 C = Vault XP percentage of total XP
 D = Non-vault monster count
 E = Vault monster count
 F = Vault count percentage of total count
                 A         B        C        D         E       F
            +---------+---------+-------+---------+---------+-------
      Total |      89 |       8 |   8.2 |      32 |       5 |  13.5
            +---------+---------+-------+---------+---------+-------
        D:1 |      26 |       0 |   0.0 |      17 |       0 |   0.0
        D:2 |      63 |       8 |  11.3 |      15 |       5 |  25.0
            +---------+---------+-------+---------+---------+-------
